 Dungeon Crawl Stone Soup version 0.28-a0-476-g0f06bd746f (webtiles) character file.

Game seed: 4412316690311855269

85 Squid the Skirmisher (level 4, -6/41 HPs)
             Began as a Minotaur Berserker on Sept 16, 2021.
             Was a Believer of Trog.
             Mangled by a gnoll (11 damage)
             ... on level 3 of the Dungeon.
             The game lasted 00:05:13 (3243 turns).

Squid the Skirmisher (Minotaur Berserker)           Turns: 3243, Time: 00:05:14

Health: -6/41      AC:  4    Str: 22    XL:     4   Next: 25%
Magic:  3/3        EV: 12    Int: 10    God:    Trog [**....]
Gold:   53         SH:  0    Dex: 10    Spells: 3/3 levels left

rFire   . . .      SeeInvis .   a - +0 hand axe
rCold   . . .      Faith    .   (no shield)
rNeg    . . .      Spirit   .   b - +0 animal skin
rPois   .          Reflect  .   (helmet restricted)
rElec   .          Harm     .   (no cloak)
rCorr   .          Rampage  .   (no gloves)
Will    .....                   d - +1 pair of boots
Stlth   +.........              k - amulet of the acrobat
HPRegen 0.13/turn               c - +6 ring of intelligence
MPRegen 0.08/turn               h - ring of flight

@: flying
A: horns 2, retaliatory headbutt
a: Renounce Religion, Berserk, Trog's Hand


You were on level 3 of the Dungeon.
You worshipped Trog.
Trog was pleased with you.
You visited 1 branch of the dungeon, and saw 3 of its levels.

You collected 53 gold pieces.

Inventory:

Hand Weapons
 a - a +0 hand axe (weapon)
Missiles
 j - 72 stones (quivered)
 q - 2 throwing nets
Armour
 b - a +0 animal skin (worn)
 d - a +1 pair of boots (worn)
Jewellery
 c - a +6 ring of intelligence (left hand)
 h - a ring of flight (right hand)
 k - an amulet of the acrobat (around neck)
Scrolls
 i - a scroll of identify
 m - 2 scrolls of enchant armour
 o - 2 scrolls of teleportation
 p - a scroll of vulnerability
Potions
 e - 2 potions of might
 f - a potion of curing
 g - a potion of resistance
 l - a potion of flight {unknown}
 n - a potion of cancellation {unknown}


   Skills:
 + Level 4.7 Fighting
 + Level 4.5 Axes
 - Level 1.0 Throwing
 + Level 2.8 Armour
 - Level 2.7 Dodging


You had 3 spell levels left.
You didn't know any spells.
Your spell library was empty.

Dungeon Overview and Level Annotations

Branches:
Dungeon (3/15)

Altars:
Vehumet


Innate Abilities, Weirdness & Mutations

You have a pair of horns on your head.
You reflexively headbutt those who attack you in melee.


Message History

The gnoll is severely wounded.
The gnoll hits you with a +0 club. The gnoll hits you but does no damage.
You slash the gnoll!
You kill the gnoll!
Trog accepts your kill.
A gnoll comes into view. It is wielding a +0 club.
A gnoll is nearby!
A gnoll comes into view. It is wielding a +0 halberd.
The gnoll shouts! x2
The gnoll completely misses you. You furiously retaliate!
You headbutt the gnoll. The gnoll barely misses you.
You hit the gnoll but do no damage.
The gnoll is moderately wounded.
The gnoll misses you.
You hit the gnoll but do no damage. Your headbutt misses the gnoll.
The gnoll is moderately wounded.
The gnoll misses you. The gnoll closely misses you. The gnoll misses you.
You barely miss the gnoll.
You headbutt the gnoll, but do no damage.
You hit the gnoll but do no damage. The gnoll hits you with a +0 halberd.
The gnoll barely misses you.
You completely miss the gnoll. You hit the gnoll but do no damage.
The gnoll hits you with a +0 halberd! The gnoll misses you.
The gnoll hits you with a +0 halberd!
* * * LOW HITPOINT WARNING * * *
You barely miss the gnoll. You hit the gnoll but do no damage.
The gnoll hits you with a +0 club.
* * * LOW HITPOINT WARNING * * *
The gnoll closely misses you.
You slash the gnoll! You headbutt the gnoll.
The gnoll is almost dead.
You hit the gnoll. The gnoll barely misses you.
The gnoll completely misses you.
You barely miss the gnoll.
The gnoll is almost dead.
You hit the gnoll. The gnoll hits you but does no damage.
The gnoll hits you with a +0 halberd!
You die...

......# #.##<# .###.##
#.#### .# #.# #.# .#
#.# #.# .# #.# # #.#
.# #.# #.#### #.#
.###.# #..).# #.#
..##.# #########.# #.#
#.##.# #......g@.# #)#
#..#.# #......#.g# #.#
##.#.# #..###.####.#.#
#...# #..# #......#.#
##..# #..##########.#
#..# #.............#
#..# #.##########..#
#..# #.............#
##.###############.###


You could see 2 gnolls.

Vanquished Creatures
  2 adders
  2 gnolls (D:3)
  4 endoplasms
  A giant cockroach (D:3)
  5 goblins
  5 hobgoblins
  4 jackals (D:1)
  8 kobolds
  3 quokkas
  A ball python (D:1)
  5 bats
  A frilled lizard (D:2)
  4 rats (D:3)
45 creatures vanquished.

Vanquished Creatures (others)
  5 plants (D:3)
5 creatures vanquished.

Grand Total: 50 creatures vanquished

Notes
Turn   | Place    | Note
-------+----------+-------------------------------------------
     0 | D:1      | Squid the Minotaur Berserker began the quest for the Orb.
     0 | D:1      | Reached XP level 1. HP: 19/19 MP: 0/0
   344 | D:1      | Reached XP level 2. HP: 23/25 MP: 1/1
   889 | D:2      | Found a faded altar of an unknown god.
  1010 | D:2      | Reached XP level 3. HP: 33/33 MP: 2/2
  1034 | D:2      | Found a radiant altar of Vehumet.
  1319 | D:3      | Reached ** piety under Trog
  1320 | D:3      | Reached skill level 1 in Throwing
  2976 | D:3      | Reached XP level 4. HP: 29/41 MP: 3/3
  3243 | D:3      | Mangled by a gnoll

Illustrated notes

Levels and vault maps discovered:
D:1:      dpeg_arrival_signposts, layout_rooms, minmay_misc_feat_tiny
D:2:      layout_rooms, basic_altar, chequers_ecumenical_altar_grove,
          minmay_pentomino_w2
D:3:      layout_basic, serial_bayou_lagoon_a

Skill      XL: |  1  2  3 |
---------------+----------+-----
Axes           | 4 |  4.5
Fighting       | 4 |  4.7
Throwing       | 1 |  1.0
Armour         | |  2.8
Dodging        | |  2.7

Action                   |  1- 3 |  4- 6 || total
-------------------------+-------+-------++-------
Melee: Hand axe          |    70 |    10 ||    80
       Headbutt          |     9 |     3 ||    12
Throw: Stone             |    39 |     3 ||    42
Invok: Berserk           |     1 |       ||     1
  Use: Scroll            |     9 |       ||     9
       Potion            |     2 |       ||     2
Armor: Animal skin       |    22 |     5 ||    27
Dodge: Dodged            |    56 |    26 ||    82

Table legend: (Time is in decaauts)
 A = Elapsed time spent in this place.
 B = Non-inter-level travel time spent in this place.
 C = Inter-level travel time spent in this place.
 D = Time resting spent in this place.
 E = Time spent auto-exploring this place.
 F = Levels seen in this place.
 G = Mean time per level.
                   A        B        C        D        E       F      G
               +--------+--------+--------+--------+--------+-----+--------+
         Total |   3262 |   3232 |     30 |   1095 |   1643 |   3 | 1087.3 |
       Dungeon |   3262 |   3232 |     30 |   1095 |   1643 |   3 | 1087.3 |
               +--------+--------+--------+--------+--------+-----+--------+

Top non-repeatable levels by time:
     D:3: 1936 daAuts
     D:1: 696 daAuts
     D:2: 629 daAuts
